 Dungeon Crawl Stone Soup version 0.28-a0-472-g50180c0d78 (webtiles) character file.

Game seed: 14516242193899219372

186 DasRunzen the Magician (level 5, 0/40 HPs)
             Began as a Demigod Hedge Wizard on Sept 15, 2021.
             Slain by a gnoll sergeant (11 damage)
             ... on level 4 of the Dungeon.
             The game lasted 00:08:05 (3055 turns).

DasRunzen the Magician (Demigod Hedge Wizard)       Turns: 3055, Time: 00:08:05

Health: 0/40       AC:  3    Str: 15    XL:     5   Next: 15%
Magic:  12/12      EV: 12    Int: 16    God:
Gold:   66         SH:  0    Dex: 13    Spells: 7/10 levels left

rFire   . . .      SeeInvis .   d - +4 long sword (flame)
rCold   . . .      Faith    .   (no shield)
rNeg    . . .      Spirit   .   b - +0 robe
rPois   .          Reflect  .   c - +0 hat
rElec   .          Harm     .   a - +0 cloak
rCorr   .          Rampage  .   (no gloves)
Will    .....                   (no boots)
Stlth   ++........              (no amulet)
HPRegen 0.13/turn               (no ring)
MPRegen 0.13/turn               (no ring)

@: no status effects
A: high mp 1, forlorn
a: no special abilities


You were on level 4 of the Dungeon.
You visited 1 branch of the dungeon, and saw 4 of its levels.

You collected 66 gold pieces.

Inventory:

Hand Weapons
 d - a +4 long sword of flaming (weapon)
Armour
 a - a +0 cloak (worn)
 b - a +0 robe (worn)
 c - a +0 hat (worn)
Jewellery
 i - a ring of ice
Scrolls
 f - a scroll of identify
Potions
 e - a potion of invisibility
 g - a potion of magic
 h - a potion of curing
 j - a potion of lignification


   Skills:
 + Level 1.3 Fighting
 + Level 2.4 Dodging
 + Level 2.6 Stealth
 + Level 3.1 Spellcasting
 + Level 2.0 Conjurations
 + Level 2.0 Summonings
 + Level 1.8 Translocations


You had 7 spell levels left.
You knew the following spells:

 Your Spells              Type           Power      Damage    Failure   Level
a - Magic Dart            Conj           32%        1d4       9%          1
b - Blink                 Tloc           N/A        N/A       13%         2

Your spell library contained the following spells:

 Spells                   Type           Power      Damage    Failure   Level
 Call Imp                 Summ           9%         N/A       12%         2
 Slow                     Hex            2%         N/A       28%         2
 Conjure Flame            Conj/Fire      5%         6-21      36%         3
 Mephitic Cloud           Conj/Pois/Air  4%         N/A       38%         3
 Freezing Cloud           Conj/Ice/Air   2%         6-21      98%         5
 Simulacrum               Ice/Necr       1%         N/A       100%        6
 Polar Vortex             Ice            1%         N/A       100%        9


Dungeon Overview and Level Annotations

Branches:
Dungeon (4/15)
 Temple: D:4-7

Shops:
D:3 ?


Innate Abilities, Weirdness & Mutations

Your attributes grow dramatically as you level up.
You have an increased reservoir of magic. (+10% MP)
You shall have no god before yourself.


Message History

The gnoll hits you with a +0 spear.
There is a shaft here.
The gnoll sergeant shouts!
You slash the gnoll! You burn the gnoll.
You kill the gnoll!
A gnoll comes into view. It is wielding a +0 club.
You slash the gnoll! You burn the gnoll.
You kill the gnoll!
The gnoll sergeant hits you from afar with a +0 spear!
Your Conjurations skill increases to level 2!
The adder falls through a shaft!
The shaft crumbles and collapses.
The gnoll sergeant hits you with a +0 spear!
You closely miss the gnoll sergeant.
The gnoll sergeant hits you with a +0 spear.
The gnoll sergeant barely misses you.
You barely miss the gnoll sergeant. The gnoll sergeant misses you.
You hit the gnoll sergeant. You burn the gnoll sergeant.
The gnoll sergeant is lightly wounded.
The gnoll sergeant completely misses you.
You hit the gnoll sergeant but do no damage.
The gnoll sergeant is lightly wounded.
The gnoll sergeant misses you. The gnoll sergeant closely misses you.
You hit the gnoll sergeant but do no damage.
The gnoll sergeant is lightly wounded.
The gnoll sergeant hits you with a +0 spear!
You hit the gnoll sergeant. You burn the gnoll sergeant.
The gnoll sergeant is moderately wounded.
The gnoll sergeant hits you but does no damage.
The gnoll sergeant closely misses you.
You barely miss the gnoll sergeant.
The gnoll sergeant is moderately wounded.
The gnoll sergeant hits you with a +0 spear.
* * * LOW HITPOINT WARNING * * *
You closely miss the gnoll sergeant.
The gnoll sergeant is moderately wounded.
The gnoll sergeant closely misses you.
You hit the gnoll sergeant. You burn the gnoll sergeant.
The gnoll sergeant is heavily wounded.
The gnoll sergeant hits you with a +0 spear!
You die...

## ..
##.#####
#.gg.gg#
#..###g#
#... #@#
#.. #.# ###
#. #.# #<#
# #.# #.#
#.# #.#
##.######.#
#.........#
###########


You could see a gnoll sergeant and 2 gnolls.

Vanquished Creatures
  A hound (D:2)
  Natasha (thrice) (D:2)
  2 gnolls (D:4)
  An adder (D:3)
  A dart slug (D:2)
  2 ball pythons
  6 endoplasms
  12 giant cockroaches
  3 goblins
  3 hobgoblins
  4 jackals
  A quokka (D:1)
  3 bats
  2 frilled lizards
  3 kobolds
  4 rats
51 creatures vanquished.

Notes
Turn   | Place    | Note
-------+----------+-------------------------------------------
     0 | D:1      | DasRunzen the Demigod Hedge Wizard began the quest for the
                  | Orb.
     0 | D:1      | Reached XP level 1. HP: 14/14 MP: 6/6
    37 | D:1      | Reached skill level 1 in Summonings
   401 | D:1      | Reached skill level 1 in Conjurations
   401 | D:1      | Reached skill level 1 in Translocations
   552 | D:1      | Reached XP level 2. HP: 20/20 MP: 8/8
  1486 | D:2      | Noticed Natasha
  1495 | D:2      | Killed Natasha
  1496 | D:2      | Reached XP level 3. HP: 9/27 MP: 8/10
  1535 | D:2      | Noticed Natasha
  1694 | D:2      | Killed Natasha
  1703 | D:2      | Noticed Natasha
  1709 | D:2      | Killed Natasha
  1710 | D:2      | Reached skill level 1 in Fighting
  1710 | D:2      | Reached skill level 3 in Spellcasting
  1710 | D:2      | Reached XP level 4. HP: 13/35 MP: 7/11
  1913 | D:2      | Learned a level 2 spell: Blink
  2689 | D:3      | Reached XP level 5. HP: 40/40 MP: 12/12
  2807 | D:3      | Found Ubinusy's Magic Scroll Emporium.
  3055 | D:4      | Slain by a gnoll sergeant

Illustrated notes

Levels and vault maps discovered:
D:1:      tarquinn_simple_flora_water_a, layout_loops_ring,
          shapermc_ecumenical_altar_venn, serial_glass, glass_columns_b,
          glass_columns_b
D:2:      minmay_roachtagon, layout_basic, uniq_natasha
D:3:      layout_basic, serial_shops, nicolae_square_shop
D:4:      layout_basic, minmay_temple_entry_statues_pillars,
          cheibrodos_sewer_entry_drain, minivault_27, uniq_blork_the_orc,
          uniq_pikel

Skill      XL: |  1  2  3  4  5 |
---------------+----------------+-----
Summonings     | 1 2 |  2.0
Conjurations   | 1 2 |  2.0
Translocations | 1 |  1.8
Stealth        | 2 |  2.6
Dodging        | 2 |  2.4
Fighting       | 1 |  1.3
Spellcasting   | 3 |  3.1

Action                   |  1- 3 |  4- 6 || total
-------------------------+-------+-------++-------
Melee: Dagger            |    55 |       ||    55
       Long sword        |    19 |    61 ||    80
 Cast: Magic Dart        |    20 |     9 ||    29
  Use: Scroll            |     4 |     4 ||     8
       Potion            |     1 |       ||     1
 Stab: Sleeping          |     7 |       ||     7
Armor: Robe              |    13 |    20 ||    33
Dodge: Dodged            |    76 |    53 ||   129

Table legend: (Time is in decaauts)
 A = Elapsed time spent in this place.
 B = Non-inter-level travel time spent in this place.
 C = Inter-level travel time spent in this place.
 D = Time resting spent in this place.
 E = Time spent auto-exploring this place.
 F = Levels seen in this place.
 G = Mean time per level.
                   A        B        C        D        E       F      G
               +--------+--------+--------+--------+--------+-----+--------+
         Total |   3086 |   3048 |     38 |    876 |   1726 |   4 |  771.5 |
       Dungeon |   3086 |   3048 |     38 |    876 |   1726 |   4 |  771.5 |
               +--------+--------+--------+--------+--------+-----+--------+

Top non-repeatable levels by time:
     D:1: 1580 daAuts
     D:2: 878 daAuts
     D:3: 587 daAuts
     D:4: 40 daAuts
